 Dungeon Crawl Stone Soup version 0.22.0-6-g71bd7aa6b3 (webtiles) character file.

32 Htamos the Digger (level 3, 0/29 HPs)
             Began as a Centaur Earth Elementalist on Aug 14, 2018.
             Slain by an iguana (8 damage)
             ... on level 2 of the Dungeon.
             The game lasted 00:02:49 (1812 turns).

Htamos the Digger (Centaur Earth Elementalist)      Turns: 1812, Time: 00:02:49

Health: 0/29       AC:  7    Str: 11    XL:     3   Next: 8%
Magic:  5/5        EV:  3    Int: 14    God:
Gold:   25         SH:  0    Dex:  9    Spells: 4/5 levels left

rFire    . . .     SeeInvis .   h - +0 whip
rCold    . . .     Gourm    .   (no shield)
rNeg     . . .     Faith    .   i - +0 chain mail (curse)
rPois    .         Spirit   .   (no helmet)
rElec    .         Reflect  .   (no cloak)
rCorr    .         Harm     .   (no gloves)
MR       .....                  (no barding)
Stlth    ..........             (no amulet)
HPRegen  0.09/turn              (no ring)
MPRegen  0.09/turn              (no ring)

@: very quick
A: large, hooves 3, deformed body, speed 2, tough skin 3
a: no special abilities


You were on level 2 of the Dungeon.
You were not hungry.

You visited 1 branch of the dungeon, and saw 2 of its levels.

You collected 25 gold pieces.

Inventory:

Hand Weapons
 a - a +0 dagger
 g - a +0 short sword
 h - a +0 whip (weapon)
 n - a +0 mace
Missiles
 b - 72 stones (quivered)
Armour
 c - a +0 robe
 i - a cursed +0 chain mail (worn)
Jewellery
 k - a cursed ring of teleportation {unknown}
Scrolls
 e - 2 scrolls of teleportation {unknown}
 m - a scroll of remove curse {unknown}
Potions
 f - a potion of curing {unknown}
 j - a potion of degeneration {unknown}
Comestibles
 d - 2 rations


   Skills:
 + Level 1.8 Fighting
 + Level 1.3 Armour
 - Level 1.3 Dodging
 - Level 1.1 Stealth
 - Level 1.5 Spellcasting
   Level 0.8 Transmutations
 - Level 2.6 Earth Magic


You had 4 spell levels left.
You knew the following spells:

 Your Spells              Type           Power        Failure   Level  Hunger
a - Sandblast             Erth           #.....       99%         1    ##.....

Your spell library contained the following spells:

 Spells                   Type           Power        Failure   Level  Hunger
 Stone Arrow              Conj/Erth      #.....       100%        3    ####...
 Passwall                 Tmut/Erth      #.......     100%        2    ###....
 Lee's Rapid Deconstruct  Erth           #.........   100%        5    ######.
 Petrify                  Tmut/Erth      #.......     100%        4    #####..


Dungeon Overview and Level Annotations

Branches:
Dungeon (2/15)

Altars:


Innate Abilities, Weirdness & Mutations

You have hooves in place of feet.
Armour fits poorly on your strangely shaped body.
You cover ground very quickly.
You have extremely tough skin. (AC +3)


Message History

Throwing (i - inventory)
b - 71 stones (quivered)
Press: ? - help, Shift-Dir - straight line, f/p - iguana
Aim: an iguana You throw a stone.
The stone closely misses the iguana.
The iguana bites you.
You closely miss the iguana. You kick the iguana.
The iguana is moderately wounded.
The iguana bites you.
You hit the iguana but do no damage. Your kick misses the iguana.
The iguana is lightly wounded.
The iguana bites you.
You hit the iguana but do no damage. You kick the iguana.
The iguana is heavily wounded.
The iguana bites you.
* * * LOW HITPOINT WARNING * * *
The iguana bites you.
* * * LOW HITPOINT WARNING * * *
You see here 2 stones.
b - 72 stones (gained 2)
The iguana bites you!
You die...

### #..........#.#
..######..........#
#.#..........#...##
#.#.####.....#.<.# .#
#.#....#.....#(#.##.#.#
#.####.#.....#(#.##.#.#
##.#...)....#+#.#(#.##.#.#
#......##.#.###.#.#....#.#
######.##......@#.##.....#
#.####.....l..'.....# #.#
#..####.##.....#######
#.####.......#....#........
#....#.####..#.#...........
####.#.#..#..#.#.........#
#.# #..#..#.#.........#
########.#
#..#..............#
#........#
#..#..#.##........+


You could see an iguana.

Vanquished Creatures
  An ooze (D:2)
  A dart slug (D:1)
  A ball python (D:1)
  4 bats (D:1)
  4 goblins (D:1)
  5 hobgoblins (D:1)
  2 kobolds
  5 rats (D:1)
23 creatures vanquished.

Notes
Turn   | Place    | Note
-------+----------+-------------------------------------------
     0 | D:1      | Htamos the Centaur Earth Elementalist began the quest for the Orb.
     0 | D:1      | Reached XP level 1. HP: 14/14 MP: 3/3
   292 | D:1      | Reached skill level 1 in Fighting
   319 | D:1      | Reached XP level 2. HP: 17/23 MP: 4/4
   732 | D:1      | Reached skill level 1 in Armour
  1388 | D:2      | Reached XP level 3. HP: 24/29 MP: 5/5
  1812 | D:2      | Slain by an iguana

Skill      XL: |  1  2 |
---------------+-------+-----
Fighting       | 1 |  1.8
Armour         | 1 |  1.3
Dodging        | |  1.3
Stealth        | |  1.1
Spellcasting   | |  1.5
Transmutations | |  0.8
Earth Magic    | |  2.6

Action                   || total
-------------------------++-------
Melee: Whip              ||   103
       Short sword       ||     8
       Dagger            ||     7
       Kick              ||    17
       Unarmed           ||     1
Throw: Stone             ||     7
 Cast: Sandblast         ||     1
  Eat: Chunk             ||     2
Armor: Robe              ||    11
       Chain mail        ||    89
Dodge: Dodged            ||    23
